 Dungeon Crawl Stone Soup version 0.18.1-50-g88ac8fd (webtiles) character file.

200812 nikopol the Impaler (level 17, -2/157 HPs)
             Began as a Minotaur Berserker on Oct 9, 2016.
             Was the Champion of Trog.
             Slain by a four-headed hydra simulacrum (8 damage)
             ... in an ice cave on Oct 10, 2016.
             The game lasted 02:31:20 (41821 turns).

nikopol the Impaler (Minotaur Berserker)           Turns: 41821, Time: 02:31:20

Health: -2/157     AC: 30    Str: 30    XL:     17   Next: 89%
Magic:  18/18      EV: 17    Int:  4    God:    Trog [******]
Gold:   1134       SH:  3    Dex: 16    Spells: 0 memorised, 16 levels left

rFire  . . .     SeeInvis +     a - +2 glaive (venom)
rCold  + . .     Gourm    .     u - +5 plate armour "Iliex" {+Fly SInv}
rNeg   . . .     Faith    .     (shield currently unavailable)
rPois  .         Spirit   .     U - +1 hat
rElec  +         Dismiss  .     P - +2 cloak {MR+}
rCorr  .         Reflect  +     o - +0 pair of gloves
SustAt .         Harm     .     D - +1 pair of boots
MR     +++++                    n - +3 amulet of reflection
Stlth  ..........               p - ring "Gyshraxoh" {rElec MR+ Str+5 Dex+2}
                                d - ring of protection from cold

@: exhausted, regenerating, slowed, very slow, almost entirely resistant to
hostile enchantments, extremely unstealthy
A: retaliatory headbutt, horns 2, magic resistance 1
a: Berserk, Trog's Hand, Brothers in Arms, Burn Spellbooks, Renounce Religion,
Evoke Flight
}: 1/15 runes: serpentine


You were in an ice cave.
You worshipped Trog.
Trog was exalted by your worship.
You were not hungry.

You visited 5 branches of the dungeon, and saw 30 of its levels.
You also visited: Labyrinth and Ice Cave.

You collected 2931 gold pieces.
You spent 1797 gold pieces at shops.

Inventory:

Hand Weapons
 a - a +2 glaive of venom (weapon)
 e - a +5 antimagic bardiche
 z - a +3 longbow of velocity
Missiles
 y - 786 arrows (quivered)
Armour
 o - a +0 pair of gloves (worn)
 u - the +5 plate armour "Iliex" (worn) {+Fly SInv}
   (You acquired it on level 12 of the Dungeon)

   It lets you see invisible.
   It lets you fly.
 A - the +14 plate armour of the Earth {rF- rC- Int+10 SInv}
   (You bought it in a shop on level 1 of the Orcish Mines)

   It affects your intelligence (+10).
   It makes you vulnerable to fire.
   It makes you vulnerable to cold.
   It lets you see invisible.
 D - a +1 pair of boots (worn)
 P - a +2 cloak of magic resistance (worn)
 U - a +1 hat (worn)
Jewellery
 d - a ring of protection from cold (left hand)
 j - the ring of Viogros {+Inv rC+ Str-2 Int+5 SInv}
   (You found it on level 15 of the Dungeon)

   [ring of protection from cold]

   It affects your strength (-2).
   It affects your intelligence (+5).
   It protects you from cold.
   It lets you see invisible.
   It lets you turn invisible.
 l - an uncursed ring of poison resistance
 n - a +3 amulet of reflection (around neck)
 p - the ring "Gyshraxoh" (right hand) {rElec MR+ Str+5 Dex+2}
   (You found it on level 1 of the Lair of Beasts)

   [ring of protection from magic]

   It affects your strength (+5).
   It affects your dexterity (+2).
   It insulates you from electricity.
   It affects your resistance to hostile enchantments.
 F - an uncursed ring of protection from fire
 O - the ring of Wenug {Str+4 Dex+2, unknown}
   (You found it in an ice cave)

   [ring of dexterity]

   It affects your strength (+4).
   It affects your dexterity (+2).
 T - an uncursed ring of positive energy
Wands
 i - a wand of lightning (1/15)
 w - a wand of digging (16/24)
 C - a wand of hasting (9/9)
 L - a wand of disintegration (9/24)
 Q - a wand of teleportation (2/9)
 W - a wand of heal wounds (5/9)
Scrolls
 f - 4 scrolls of enchant armour
 h - 8 scrolls of teleportation
 q - 4 scrolls of identify
 E - 3 scrolls of recharging
 G - 7 scrolls of remove curse
 I - 4 scrolls of magic mapping
 S - 2 scrolls of blinking
 X - 2 scrolls of fear
 Y - 4 scrolls of fog
 Z - a scroll of silence {unknown}
Potions
 b - 3 potions of ambrosia
 g - 10 potions of curing
 k - 5 potions of heal wounds
 m - 5 potions of flight
 r - 5 potions of agility
 t - a potion of invisibility
 v - 4 potions of cure mutation
 x - a potion of magic
 B - 4 potions of brilliance
 K - 2 potions of berserk rage
 M - 5 potions of haste
 N - 5 potions of might
 R - 2 potions of resistance
Comestibles
 c - 21 bread rations
 s - 16 meat rations
 J - 22 fruits


   Skills:
 + Level 15.7 Fighting
 * Level 20.0 Polearms
 + Level 16.6 Bows
 + Level 15.1 Armour
 + Level 14.4 Dodging
 + Level 2.9 Evocations


You had 16 spell levels left.
You didn't know any spells.

Dungeon Overview and Level Annotations

Branches:
Dungeon (15/15)            Temple (0/1) D:5            Lair (8/8) D:10
 Shoals (1/4) Lair:4        Snake (4/4) Lair:6        Slime (0/6) Lair:7
    Orc (2/2) D:10            Elf (0/3) Orc:2        Vaults (0/5) D:14
 Depths (0/5) D:15

Altars:
Cheibriados
Dithmenos
Elyvilon
Fedhas
Makhleb
Nemelex Xobeh
Pakellas
Qazlal
Ru
Trog
Vehumet
Yredelemnul
Jiyva

Shops:
D:6 *   D:11 %   Orc:1 [   Orc:2 ([*=[

Portals:
Hell: Lair:8


Innate Abilities, Weirdness & Mutations

You reflexively headbutt those who attack you in melee.
You have a pair of horns on your head.
You are resistant to hostile enchantments.


Message History

You block the four-headed hydra simulacrum's attack.
You continue eating.
The four-headed hydra simulacrum bites you but does no damage.
The four-headed hydra simulacrum closely misses you.
The four-headed hydra simulacrum barely misses you.
The four-headed hydra simulacrum bites you.
* * * LOW HITPOINT WARNING * * *
The four-headed hydra simulacrum freezes you!!
You resist.
* * * LOW HITPOINT WARNING * * *
You continue eating.
The four-headed hydra simulacrum misses you.
The four-headed hydra simulacrum barely misses you.
The four-headed hydra simulacrum misses you.
You block the four-headed hydra simulacrum's attack.
The Ice Fiend calls on the powers of darkness!
Your body is wracked with pain!
* * * LOW HITPOINT WARNING * * *
The four-headed hydra simulacrum bites you!
You die...

#.≈#≈#≈≈≈≈
##
##.##≈≈≈#≈
# ##
#..#≈≈≈≈≈
#.
##.##≈≈#≈
#.###.#
≈≈≈
##.#.##
#....#
#.#.##
##@###
#Z## #1##
#..# ##.#
##.# #.##
#.# #..


You could see an Ice Fiend and a four-headed hydra simulacrum.

Vanquished Creatures
  Rupert (Lair:6)
  Donald (Snake:3)
  9 greater nagas
  Maud (Orc:1)
  An orc warlord (Orc:2)
  A dire elephant (Lair:8)
  Snorg (Lair:6)
  2 fire dragons (D:15)
  An ettin (Orc:1)
  A minotaur (Lab)
  Erolcha (D:8)
  A yaktaur captain (D:14)
  Harold (D:10)
  10 hydras
  16 naga warriors
  A hell beast (Lair:8)
  3 centaur warriors
  8 anacondas
  2 death knights
  An ogre mage (D:15)
  Urug (Lair:3)
  8 shock serpents
  3 orc high priests (Orc:2)
  17 naga sharpshooters
  A wizard (Lair:8)
  2 salamander mystics (Snake:4)
  An unseen horror (D:11)
  7 skeletal warriors
  11 naga ritualists
  A sea snake (Shoals:1)
  3 hill giants
  A phantasmal warrior (D:14)
  6 orc knights
  A deep elf mage (D:15)
  8 mana vipers
  7 orc sorcerers
  3 cyclopes
  3 griffons
  9 salamanders
  A manticore (D:14)
  16 ugly things
  Maurice (D:8)
  An ice statue (IceCv)
  49 black mambas
  6 elephants (Lair:5)
  2 orange demons (Lair:8)
  The ghost of nikopol the Skirmisher, a novice MiBe of Trog (D:5)
  2 torpor snails
  A water nymph (Shoals:1)
  A siren (Lair:4)
  3 guardian serpents
  24 naga magi
  4 gargoyles (Lab)
  11 spiny frogs
  3 rime drakes
  Psyche (D:8)
  9 komodo dragons
  2 anaconda simulacra (IceCv)
  3 yaktaurs
  5 red devils (Lair:8)
  A hellwing (Lair:8)
  3 merfolk
  10 ice devils
  5 trolls
  5 polar bears
  24 blink frogs
  A slime creature (D:12)
  4 two-headed ogres (D:15)
  2 boulder beetles
  2 snapping turtles (Shoals:1)
  2 shadows
  A vampire (D:14)
  A tarantella (shapeshifter) (D:12)
  A spriggan (Lair:6)
  A centaur simulacrum (D:15)
  2 dire elephant simulacra (IceCv)
  37 yaks
  A wyvern (D:11)
  Menkaure (D:7)
  7 basilisks
  2 hungry ghosts
  11 hippogriffs
  4 death yak simulacra (IceCv)
  A mottled dragon (D:8)
  17 vampire mosquitoes
  21 wargs
  An iron troll simulacrum (IceCv)
  A soldier ant (D:15)
  5 harpy simulacra (IceCv)
  70 nagas
  19 water moccasins
  4 hydra simulacra (IceCv)
  5 porcupines
  3 sky beasts
  3 ice beasts
  40 orc warriors
  3 phantoms
  2 wasps
  A black bear (Lair:6)
  13 centaurs
  18 wolves
  11 ogres
  24 crocodiles
  A gnoll sergeant (D:8)
  A wyvern zombie (D:12)
  21 giant frogs
  3 big kobolds
  2 wyvern skeletons
  6 scorpions
  19 wights
  12 killer bees
  5 howler monkeys
  8 crimson imps
  2 draconian simulacra (IceCv)
  25 orc priests
  A giant frog skeleton (D:13)
  2 hounds
  16 orc wizards
  3 centaur skeletons
  12 iguanas
  10 worker ants
  A spriggan simulacrum (IceCv)
  A polar bear simulacrum (IceCv)
  2 troll simulacra (IceCv)
  A wolf simulacrum (IceCv)
  16 sheep
  A hound zombie (D:6)
  3 worker ant zombies
  13 gnolls
  2 naga simulacra (IceCv)
  3 ogre simulacra (IceCv)
  13 adders
  31 river rats
  3 shadow imps
  6 white imps (IceCv)
  5 ufetubi (IceCv)
  An ooze (D:4)
  2 worms (D:4)
  4 dart slugs
  8 giant geckos
  100 orcs
  5 bats
  5 goblins
  2 hobgoblins
  17 jackals
  18 kobolds
  A quokka (D:3)
  6 ball pythons
  2 giant gecko skeletons
  A giant gecko zombie (D:6)
  3 giant newts
  A jackal skeleton (D:9)
  A jackal zombie (D:5)
  A quokka skeleton (D:4)
  2 quokka zombies
  3 rats
  2 fungi
  A plant (D:11)
1128 creatures vanquished.

Vanquished Creatures (others)
  A fire dragon (D:9)
  A salamander (Snake:4)
  A black mamba (Snake:4)
  An adder skeleton (D:4)
  2 orcs
  13 fungi
  14 plants
33 creatures vanquished.

Grand Total: 1161 creatures vanquished

Notes
Turn   | Place    | Note
--------------------------------------------------------------
     0 | D:1      | nikopol the Minotaur Berserker began the quest for the Orb.
     0 | D:1      | Reached XP level 1. HP: 19/19 MP: 0/0
   192 | D:1      | Reached XP level 2. HP: 27/27 MP: 1/1
   922 | D:2      | Reached XP level 3. HP: 33/33 MP: 2/2
  1288 | D:3      | Reached ** piety under Trog
  1345 | D:3      | Reached skill level 4 in Polearms
  1345 | D:3      | Reached XP level 4. HP: 41/41 MP: 3/3
  1959 | D:4      | Reached skill level 5 in Fighting
  1959 | D:4      | Reached XP level 5. HP: 39/48 MP: 4/4
  2027 | D:4      | Found a radiant altar of Vehumet.
  2302 | D:4      | Got a smoking chain mail
  2310 | D:4      | Reached *** piety under Trog
  2324 | D:4      | Identified the +4 chain mail "Vuexib" {*Contam rElec Int+9} (You found it on level 4 of the Dungeon)
  2370 | D:4      | Found a sacrificial altar of Ru.
  2669 | D:5      | Entered Level 5 of the Dungeon
  2676 | D:5      | Noticed a sky beast
  2678 | D:5      | Noticed nikopol's ghost (novice MiBe)
  2681 | D:5      | Reached XP level 6. HP: 52/56 MP: 5/5
  2689 | D:5      | Reached skill level 5 in Polearms
  2698 | D:5      | Killed nikopol's ghost
  2698 | D:5      | Reached skill level 5 in Armour
  2698 | D:5      | Reached XP level 7. HP: 63/63 MP: 6/6
  2742 | D:5      | Reached skill level 6 in Polearms
  2742 | D:5      | Reached skill level 5 in Dodging
  2962 | D:5      | Reached XP level 8. HP: 64/71 MP: 7/7
  3031 | D:5      | Found a staircase to the Ecumenical Temple.
  3134 | D:5      | Reached skill level 1 in Bows
  3738 | D:6      | Found Curghoyj's Assorted Antiques.
  3878 | D:6      | Reached skill level 7 in Polearms
  4065 | D:6      | Reached **** piety under Trog
  4196 | D:6      | Found a white marble altar of Elyvilon.
  4791 | D:7      | Found a sparkling altar of Nemelex Xobeh.
  5084 | D:7      | Found a burning altar of Makhleb.
  5167 | D:7      | Found a stormy altar of Qazlal.
  5283 | D:7      | Received a gift from Trog
  5317 | D:7      | Reached XP level 9. HP: 79/79 MP: 8/8
  5476 | D:7      | Reached skill level 8 in Polearms
  5477 | D:7      | Found a snail-covered altar of Cheibriados.
  5483 | D:7      | Noticed Menkaure
  5494 | D:7      | Killed Menkaure
  5988 | D:8      | Noticed Erolcha
  5994 | D:8      | Reached skill level 5 in Bows
  6014 | D:8      | Killed Erolcha
  6014 | D:8      | Reached skill level 9 in Polearms
  6403 | D:8      | Noticed Psyche
  6421 | D:8      | Killed Psyche
  6421 | D:8      | Reached XP level 10. HP: 90/90 MP: 9/9
  6563 | D:8      | Noticed Maurice
  6577 | D:8      | Killed Maurice
  6710 | D:8      | Reached skill level 10 in Polearms
  7501 | D:9      | Received a gift from Trog
  7950 | D:9      | Found a basalt altar of Yredelemnul.
  7960 | D:9      | Found a blossoming altar of Fedhas.
  8408 | D:9      | Found an oddly glowing altar of Pakellas.
  8408 | D:9      | Noticed a fire dragon
  8429 | D:9      | Killed a fire dragon
  8432 | D:9      | Found a shadowy altar of Dithmenos.
  8433 | D:9      | Found a bloodstained altar of Trog.
  8518 | D:10     | Entered Level 10 of the Dungeon
  8922 | D:10     | Found a staircase to the Lair.
  8945 | D:10     | Identified the Tome of Assistive Earth
  8997 | D:10     | Noticed Harold
  9029 | D:10     | Killed Harold
  9029 | D:10     | Reached skill level 11 in Polearms
  9029 | D:10     | Reached XP level 11. HP: 69/97 MP: 10/10
  9193 | D:10     | Found a staircase to the Orcish Mines.
  9334 | Lair:1   | Entered Level 1 of the Lair of Beasts
  9477 | Lair:1   | Reached ***** piety under Trog
  9514 | Lair:1   | Noticed a six-headed hydra
  9524 | Lair:1   | Killed a six-headed hydra
  9815 | Lair:1   | Got a transparent amber ring
 10350 | Lair:2   | Received a gift from Trog
 10397 | Lair:2   | Identified the ring "Gyshraxoh" {rElec MR+ Str+5 Dex+2} (You found it on level 1 of the Lair of Beasts)
 10832 | Lair:2   | Received a gift from Trog
 11298 | Lair:3   | Noticed Urug
 11313 | Lair:3   | Killed Urug
 11313 | Lair:3   | Reached skill level 12 in Polearms
 11486 | Lair:3   | Reached skill level 10 in Fighting
 11556 | Lair:3   | Reached skill level 10 in Bows
 12333 | Lair:4   | Found a runed door.
 12439 | Lair:4   | Reached XP level 12. HP: 104/106 MP: 11/11
 12506 | Lair:4   | Received a gift from Trog
 13121 | Lair:4   | Found a staircase to the Shoals.
 13145 | Lair:4   | Identified Saged's Almanac of Intoxication and Talismans
 13363 | Lair:4   | Noticed an eight-headed hydra
 13374 | Lair:4   | Killed an eight-headed hydra
 13600 | Lair:4   | Reached skill level 10 in Armour
 13658 | Lair:4   | Noticed an eight-headed hydra
 13667 | Lair:4   | Killed an eight-headed hydra
 13667 | Lair:4   | Reached skill level 13 in Polearms
 14115 | Lair:5   | Received a gift from Trog
 14900 | Lair:5   | Reached skill level 10 in Dodging
 15070 | Lair:6   | Found a staircase to the Snake Pit.
 15354 | Lair:6   | Reached XP level 13. HP: 29/116 MP: 12/12
 15483 | Lair:6   | Reached skill level 14 in Polearms
 16262 | Lair:6   | Received a gift from Trog
 16300 | Lair:6   | Noticed Rupert
 16318 | Lair:6   | Killed Rupert
 16472 | Lair:6   | Noticed Snorg
 16484 | Lair:6   | Killed Snorg
 17642 | Lair:7   | Reached skill level 15 in Polearms
 17663 | Lair:7   | Found a staircase to the Slime Pits.
 17665 | Lair:7   | Found a viscous altar of Jiyva.
 18658 | Lair:8   | Entered Level 8 of the Lair of Beasts
 18677 | Lair:8   | Received a gift from Trog
 19014 | Lair:8   | Reached XP level 14. HP: 126/126 MP: 13/13
 19169 | Lair:8   | Reached ****** piety under Trog
 19209 | Lair:8   | Received a gift from Trog
 20010 | Lair:8   | Found a burning altar of Makhleb.
 20400 | Lair:8   | Found a gateway to Hell.
 20769 | Orc:1    | Entered Level 1 of the Orcish Mines
 21226 | Orc:2    | Entered Level 2 of the Orcish Mines
 21237 | Orc:1    | Found Gichyar's Antique Armour Emporium.
 21247 | Orc:1    | Received a gift from Trog
 21262 | Orc:1    | Bought a fine plate armour for 896 gold pieces
 21263 | Orc:1    | Identified the +14 plate armour of the Earth {rF- rC- Int+10 SInv} (You bought it in a shop on level 1 of the Orcish Mines)
 21506 | Orc:2    | Found Ranisopni's Armour Boutique.
 21530 | Orc:1    | Noticed Maud
 21540 | Orc:1    | Killed Maud
 21754 | Orc:2    | Found a staircase to the Elven Halls.
 21861 | Orc:2    | Reached skill level 16 in Polearms
 22502 | Orc:2    | Noticed an orc warlord
 22524 | Orc:2    | Killed an orc warlord
 23463 | Orc:2    | Found Wudghu's Antique Armour Emporium.
 23464 | Orc:2    | Found Laof's Antique Weapon Shoppe.
 23465 | Orc:2    | Found Suralec's General Store.
 23465 | Orc:2    | Found Ygeum's Jewellery Emporium.
 23560 | Orc:2    | Bought a jewelled plate armour for 868 gold pieces
 23765 | Orc:2    | Identified the +0 plate armour of Bowe {rElec Dex+2 Slay-3} (You bought it in a shop on level 2 of the Orcish Mines)
 23814 | Orc:2    | Gained mutation: You are resistant to hostile enchantments. [mutagenic glow]
 23924 | Orc:2    | Bought a scroll of remove curse for 33 gold pieces
 24052 | D:11     | Found Riakyrph's Food Shop.
 24065 | D:11     | Found a labyrinth entrance.
 24107 | Lab      | Entered a labyrinth
 26020 | Lab      | Paralysed by fainting for 6 turns
 26026 | Lab      | Paralysed by fainting for 6 turns
 27874 | D:11     | Received a gift from Trog
 28075 | D:11     | Received a gift from Trog
 28079 | D:11     | Reached XP level 15. HP: 136/136 MP: 14/14
 28665 | D:11     | Received a gift from Trog
 29069 | D:12     | Received a gift from Trog
 29281 | D:12     | Identified 2 scrolls of acquirement
 29284 | D:12     | Got a faintly humming cloak
 29295 | D:12     | Identified the +2 cloak "Foabrael" {+Blink rPois Slay-3} (You acquired it on level 12 of the Dungeon)
 29310 | D:12     | Got a dazzling plate armour
 29322 | D:12     | Identified the +5 plate armour "Iliex" {+Fly SInv} (You acquired it on level 12 of the Dungeon)
 30178 | D:12     | Received a gift from Trog
 31469 | D:14     | Reached skill level 15 in Bows
 31546 | D:14     | Reached skill level 17 in Polearms
 31657 | D:14     | Got a heavily runed cloak
 31675 | D:14     | Identified the +2 cloak of Umalump {rC- rN+ MR- Dex+10} (You acquired it on level 14 of the Dungeon)
 31770 | D:14     | Found a gate to the Vaults.
 32022 | D:15     | Entered Level 15 of the Dungeon
 32260 | D:15     | Received a gift from Trog
 32694 | D:15     | Found a staircase to the Depths.
 32831 | D:15     | Got a scorched glass ring
 33722 | Snake:1  | Entered Level 1 of the Snake Pit
 33927 | Snake:1  | Received a gift from Trog
 34008 | Snake:1  | Reached XP level 16. HP: 92/146 MP: 15/15
 34211 | Snake:1  | Identified the ring of Viogros {+Inv rC+ Str-2 Int+5 SInv} (You found it on level 15 of the Dungeon)
 34308 | Snake:1  | Received a gift from Trog
 34840 | Snake:1  | Reached skill level 18 in Polearms
 36101 | Snake:1  | Received a gift from Trog
 36716 | Snake:2  | Received a gift from Trog
 37044 | Snake:3  | Noticed Donald
 37052 | Snake:3  | Killed Donald
 37810 | Snake:3  | Reached skill level 15 in Fighting
 38098 | Snake:4  | Entered Level 4 of the Snake Pit
 38263 | Snake:3  | Received a gift from Trog
 38321 | Snake:4  | Reached skill level 19 in Polearms
 38321 | Snake:4  | Reached XP level 17. HP: 156/156 MP: 5/16
 38382 | Snake:4  | Received a gift from Trog
 39520 | Snake:4  | Received a gift from Trog
 39727 | Snake:4  | Reached skill level 1 in Evocations
 40365 | Snake:4  | Reached skill level 15 in Armour
 40741 | Snake:4  | Received a gift from Trog
 41014 | Snake:4  | Got a serpentine rune of Zot
 41222 | Shoals:1 | Entered Level 1 of the Shoals
 41383 | Shoals:1 | Found a frozen archway.
 41424 | IceCv    | Entered an ice cave
 41508 | IceCv    | Got a faintly glowing granite ring
 41782 | IceCv    | Noticed an Ice Fiend
 41808 | IceCv    | Reached skill level 20 in Polearms
 41809 | IceCv    | HP: 2/235 [Ice Fiend/bolt of cold (26)]
 41821 | IceCv    | HP: 6/157 [??? (4)]
 41821 | IceCv    | Slain by a four-headed hydra simulacrum

Skill      XL: |  1  2  3  4  5  6  7  8  9 10 11 12 13 14 15 16 17 |
---------------+----------------------------------------------------+-----
Fighting       | 4 5 6 7 8 9 10 11 12 13 14 15 | 15.7
Polearms       | 4 5 6 7 9 11 12 13 15 16 17 19 20 | 20.0
Armour         | 3 4 5 6 7 8 9 10 11 12 13 14 15 | 15.1
Dodging        | 3 4 5 6 7 8 9 10 11 12 13 14 | 14.4
Bows           | 3 6 8 10 11 13 14 15 16 | 16.6
Evocations     | 2 |  2.9

Action                   |  1- 3 |  4- 6 |  7- 9 | 10-12 | 13-15 | 16-18 || total
-------------------------+-------+-------+-------+-------+-------+-------++-------
Melee: Spear             |    99 |     5 |       |       |       |       ||   104
       Headbutt          |     6 |    19 |    47 |   172 |   255 |   137 ||   636
       Trident           |       |   101 |   287 |   584 |       |       ||   972
       Halberd           |       |       |       |    69 |   977 |   196 ||  1242
       Bardiche          |       |       |       |       |       |   206 ||   206
       Glaive            |       |       |       |       |       |   212 ||   212
 Fire: Shortbow          |       |       |   119 |   384 |  1282 |   391 ||  2176
       Longbow           |       |       |       |       |       |   184 ||   184
Invok: Berserk           |     1 |     1 |     1 |     4 |     6 |     6 ||    19
       Trog's Hand       |       |       |     1 |       |       |     3 ||     4
       Burn Spellbooks   |       |       |       |     3 |     3 |     3 ||     9
Evoke: Wand              |       |       |       |       |       |     5 ||     5
  Use: Scroll            |       |       |       |    14 |    26 |     5 ||    45
  Eat: Chunk             |     1 |     5 |    13 |    29 |    48 |    19 ||   115
       Beef jerky        |       |       |     1 |       |     3 |     5 ||     9
       Royal jelly       |       |       |       |     1 |     1 |       ||     2
       Pizza             |       |       |       |     1 |     2 |     2 ||     5
       Bread ration      |       |       |       |       |     1 |       ||     1
       Meat ration       |       |       |       |       |       |     1 ||     1
Armor: Chain mail        |    36 |    56 |   135 |   259 |   198 |       ||   684
       Plate armour      |       |       |       |       |   175 |   342 ||   517
Dodge: Dodged            |    25 |    29 |   100 |   306 |   511 |   369 ||  1340
Block: Other             |       |       |    18 |    60 |    82 |    54 ||   214
       Reflection        |       |       |     3 |     2 |     8 |     8 ||    21
